Map: World of Sleepers LE

Players

Killerjp

  • Race: Terran Terran
  • League: Gold
  • Spawn Location: 1:00

Ratl - Winner!

  • Race: Protoss Protoss
  • League: Silver
  • Spawn Location: 7:00

VOD

Have the link to the VOD?

Description

Time

  • Played on: Feb. 13, 2020, 11:07 a.m.
  • Length: 19:32
Show
View Real Time Build Order
Export as new Build Order

Killerjp Terran 

Build Orders: Gas First Reaper Expand 

Get SALT Encoding   

  12  0:02  SCV  
  13  0:14  SCV  
  13  0:18  Supply Depot  
  14  0:27  Refinery  
  14  0:29  SCV  
  15  0:43  Barracks  
  15  0:47  Barracks  
  15  0:58  SCV  
  16  1:11  SCV  
  17  1:23  SCV  
  18  1:35  Reaper  
  19  1:44  Command Center  
  19  1:49  SCV  
  20  2:02  Orbital Command  
  20  2:09  Supply Depot  
  20  2:10  Barracks Tech Lab  
  20  2:25  Refinery  
  20  2:27  SCV  
  21  2:35  Marauder  
  21  2:36  Concussive Shells  
  23  2:44  Factory  
  22  3:17  Bunker  
  22  3:20  SCV x2  
  22  3:23  Marauder  
  26  3:31  Factory Tech Lab  
  26  3:33  Barracks  
  26  3:34  SCV  
  28  3:43  Orbital Command  
  28  3:47  SCV  
  28  3:50  Supply Depot  
  28  3:51  Siege Tank  
  28  3:53  Stimpack  
  31  3:56  Marauder  
  31  4:02  SCV  
  34  4:13  SCV  
  34  4:14  SCV  
  36  4:21  Barracks Reactor  
  36  4:25  SCV  
  36  4:26  SCV  
  36  4:28  Starport  
  38  4:33  Supply Depot  
  38  4:40  Marine  
  39  4:47  SCV x2  
  41  4:58  Marine  
  41  4:59  SCV x2  
  44  5:00  Marine x2  
  44  5:03  Supply Depot  
  46  5:08  Starport Reactor  
  46  5:11  SCV x2  
  48  5:16  Marauder  
  50  5:22  Refinery  
  50  5:23  SCV x2  
  52  5:30  Engineering Bay  
  52  5:33  Combat Shield, Marine x2  
  52  5:35  SCV x2  
  56  5:38  Marauder  
  58  5:49  Medivac x2  
  62  5:51  Marine x2  
  64  5:57  Refinery  
  64  5:59  Marauder  
  64  6:01  SCV x2  
  68  6:08  Terran Infantry Weapons Level 1  
  68  6:09  Marine x2  
  68  6:11  Supply Depot  
  70  6:18  Supply Depot  
  70  6:23  Missile Turret  
  70  6:27  Missile Turret  
  74  6:32  SCV x2  
  74  6:33  Marauder  
  74  6:34  Marine x2  
  76  6:40  Cyclone  
  79  6:52  Marine  
  82  6:54  Missile Turret, Marauder  
  82  6:59  Marine  
  83  7:06  Missile Turret  
  83  7:09  Marine  
  83  7:15  Supply Depot, Marine  
  85  7:16  Marine  
  86  7:28  Siege Tank, Liberator  
  92  7:30  Marine  
  92  7:33  Marauder  
  92  7:34  Supply Depot, Marine  
  96  7:40  Supply Depot  
  96  7:47  Marine  
  97  7:55  Marauder  
  97  7:58  Marine  
  89  8:00  Cyclone  
  89  8:05  Marine  
  94  8:16  Marauder, Marine  
  97  8:23  Marine  
  97  8:24  Command Center  
  97  8:25  SCV x2  
  100  8:30  Terran Infantry Armor Level 1  
  100  8:32  Cyclone  
  100  8:34  Marine  
  103  8:35  Medivac  
  103  8:37  Marauder  
  103  8:40  Supply Depot  
  103  8:41  Marine  
  108  8:44  Armory  
  109  8:51  Marine  
  110  8:59  Marauder, Marine  
  110  9:02  Medivac  
  115  9:05  Medivac  
  115  9:09  Marine  
  118  9:13  SCV x2  
  118  9:16  Marine  
  121  9:20  Marauder  
  121  9:22  Supply Depot  
  123  9:25  SCV x2  
  123  9:27  Engineering Bay, Marine  
  123  9:30  Missile Turret  
  126  9:34  Marine  
  124  9:41  Marine  
  124  9:45  Marine  
  122  9:53  Marine  
  122  9:59  Marauder  
  125  10:03  Marine  
  122  10:11  Marine  
  105  10:20  Marine  
  105  10:21  Marauder  
  92  10:29  Marine  
  93  10:38  Marine  
  93  10:42  Marauder  
  96  10:44  Cyclone  
  96  10:45  Medivac, Liberator  
  96  10:47  Marine  
  105  10:56  Marine  
  100  11:04  Marauder  
  98  11:05  Marine  
  98  11:14  Marine  
  98  11:15  Liberator  
  98  11:16  Cyclone  
  105  11:22  Marine  
  105  11:25  Marauder  
  108  11:28  Medivac  
  108  11:32  Marine  
  98  11:40  Marine  
  98  11:46  Marauder  
  98  11:48  Siege Tank  
  98  11:50  Marine  
  102  11:58  Medivac, Marine, Liberator  
  106  12:07  Marine x2  
  108  12:16  Marine  
  108  12:20  Cyclone  
  112  12:25  Terran Infantry Armor Level 2, Marine  
  112  12:26  Marauder  
  112  12:27  Terran Infantry Weapons Level 2  
  112  12:28  Medivac  
  117  12:31  SCV x2  
  117  12:34  Marine  
  117  12:36  Terran Vehicle Weapons Level 1  
  120  12:39  Supply Depot  
  120  12:40  Liberator  
  120  12:43  SCV x2, Marine  
  126  12:47  Marauder  
  126  12:50  Sensor Tower  
  128  12:52  Marine, Siege Tank  
  128  12:58  Medivac  
  134  13:01  Marine  
  135  13:08  Marauder  
  135  13:09  Marine  
  138  13:19  Marine  
  139  13:24  Cyclone  
  135  13:27  Marine  
  135  13:30  Marauder  
  119  13:36  Marine  
  99  13:45  Marine  
  100  13:51  Marauder  
  100  13:54  Marine  
  100  13:55  SCV x3  
  106  13:56  Siege Tank  
  106  14:00  Medivac, Liberator  
  114  14:03  Marine  
  115  14:12  SCV, Marauder, Marine  
  115  14:13  SCV x2  
  121  14:21  Marine  
  122  14:24  SCV  
  122  14:28  Cyclone  
  122  14:29  Barracks  
  122  14:30  Terran Vehicle And Ship Armor Level 1, Marine, Liberator  
  130  14:33  Marine  
  130  14:34  Supply Depot  
  131  14:38  Marine  
  131  14:43  Medivac  
  134  14:45  Planetary Fortress  
  134  14:48  Marine  
  134  14:51  Refinery  
  134  14:52  Marauder  
  137  14:53  Refinery  
  137  14:56  Marine  
  138  15:01  Siege Tank  
  138  15:05  Marine  
  142  15:12  Marine  
  142  15:13  Medivac, Liberator  
  148  15:14  Marine  
  149  15:23  Marine  
  150  15:31  Marauder  
  150  15:32  Marine, Thor  
  159  15:41  Marine  
  154  15:43  Liberator  
  147  15:50  Marine  
  147  15:52  Marauder  
  147  15:56  Medivac  
  115  15:59  Marine  
  110  16:07  Marine  
  110  16:08  Factory  
  111  16:13  Marine  
  111  16:15  Thor  
  111  16:17  SCV, Marine  
  111  16:18  SCV x2  
  122  16:25  Marine  
  122  16:29  SCV, Medivac, Liberator  
  122  16:30  SCV  
  122  16:31  Marine  
  132  16:35  Marine  
  132  16:37  Barracks Reactor  
  132  16:42  SCV x2  
  132  16:43  Marine  
  135  16:49  Marauder  
  135  16:52  Marine  
  135  16:53  Terran Infantry Weapons Level 3  
  138  16:58  Thor  
  138  16:59  Supply Depot  
  138  17:01  Supply Depot, Marine  
  144  17:06  Orbital Command  
  145  17:10  Marine x2  
  145  17:14  Sensor Tower  
  147  17:17  Missile Turret  
  147  17:18  Missile Turret  
  147  17:19  Marine  
  148  17:28  Marauder, Marine  
  151  17:33  Supply Depot  
  151  17:37  Marine  
  151  17:40  Missile Turret  
  152  17:49  Marine  
  151  18:02  Marine x2  
  141  18:08  Marauder  
  89  18:20  Marine x2  
  84  18:29  Marauder  
  70  18:38  Marine x2  
  61  18:50  Marauder  
  59  18:56  Marine x2  
  61  19:13  Marine x2  
Show
View Real Time Build Order
Export as new Build Order

Ratl Protoss - Winner!

Build Orders:  

Get SALT Encoding   

  12  0:01  Probe  
  13  0:13  Probe  
  14  0:18  Pylon  
  14  0:25  Probe  
  15  0:37  Probe, Gateway  
  16  0:49  Probe  
  17  0:51  Assimilator  
  17  1:01  Probe  
  18  1:13  Probe  
  19  1:21  Gateway  
  19  1:24  Cybernetics Core  
  19  1:25  Probe (Chrono Boost)  
  20  1:37  Assimilator  
  20  1:38  Probe (Chrono Boost)  
  21  1:44  Probe (Chrono Boost)  
  21  1:46  Pylon  
  22  1:52  Probe  
  23  2:04  Probe, Stalker, Warp Gate  
  26  2:11  Pylon  
  26  2:16  Probe  
  26  2:20  Stalker  
  29  2:28  Probe  
  30  2:40  Probe  
  31  2:52  Probe  
  31  2:53  Nexus  
  32  3:05  Probe  
  31  3:16  Stalker  
  31  3:17  Probe, Stalker  
  36  3:26  Robotics Facility  
  36  3:29  Probe  
  37  3:41  Probe, Pylon  
  38  3:43  Pylon  
  38  3:54  Probe (Chrono Boost)  
  38  3:55  Pylon  
  39  4:05  Probe (Chrono Boost)  
  39  4:06  Probe (Chrono Boost)  
  41  4:10  Probe x2 (Chrono Boost)  
  41  4:15  Stalker  
  45  4:18  Observer  
  45  4:20  Probe x2  
  48  4:30  Gateway  
  48  4:32  Probe  
  48  4:33  Probe, Pylon  
  50  4:44  Probe  
  50  4:45  Probe  
  52  4:52  Nexus  
  52  4:56  Probe  
  52  4:57  Probe  
  54  5:00  Pylon  
  54  5:06  Assimilator  
  54  5:08  Probe  
  54  5:09  Probe  
  54  5:10  Assimilator  
  56  5:19  Stalker x2  
  56  5:21  Probe x2 (Chrono Boost)  
  62  5:25  Immortal  
  66  5:33  Probe x2 (Chrono Boost)  
  68  5:41  Probe x2 (Chrono Boost)  
  70  5:46  Probe  
  70  5:47  Probe  
  70  5:48  Stalker x2  
  70  5:49  Stalker  
  80  6:04  Probe (Chrono Boost)  
  80  6:05  Probe (Chrono Boost)  
  80  6:06  Probe (Chrono Boost), Gateway  
  80  6:08  Gateway  
  80  6:10  Gateway  
  81  6:15  Probe (Chrono Boost)  
  81  6:16  Probe x2 (Chrono Boost)  
  88  6:18  Immortal  
  88  6:21  Probe x2 (Chrono Boost)  
  88  6:22  Probe (Chrono Boost)  
  91  6:30  Probe x2  
  91  6:32  Probe  
  94  6:53  Probe (Chrono Boost)  
  97  6:56  Assimilator  
  97  6:58  Probe (Chrono Boost), Assimilator  
  97  6:59  Probe (Chrono Boost)  
  97  7:03  Probe (Chrono Boost)  
  97  7:07  Probe x2 (Chrono Boost)  
  97  7:08  Probe (Chrono Boost)  
  100  7:09  Immortal  
  100  7:10  Nexus  
  100  7:11  Pylon  
  100  7:14  Pylon  
  105  7:19  Twilight Council  
  105  7:28  Forge  
  105  7:29  Forge  
  105  7:32  Pylon  
  105  7:34  Pylon  
  105  7:36  Pylon  
  105  7:37  Pylon, Forge  
  103  7:44  Stalker x5  
  103  7:45  Probe, Stalker  
  103  7:46  Probe x2  
  103  7:47  Pylon  
  114  7:57  Probe  
  114  7:58  Probe x2  
  115  8:09  Probe  
  115  8:10  Probe x2  
  118  8:23  Probe (Chrono Boost)  
  118  8:26  Probe (Chrono Boost)  
  118  8:27  Probe x2 (Chrono Boost)  
  123  8:36  Probe x3 (Chrono Boost), Photon Cannon  
  123  8:39  Photon Cannon  
  123  8:40  Photon Cannon  
  123  8:41  Photon Cannon  
  125  8:42  Photon Cannon  
  125  8:45  Photon Cannon  
  125  8:47  Pylon  
  125  8:49  Pylon  
  128  9:02  Immortal  
  129  9:03  Stalker x3  
  129  9:04  Stalker x3  
  129  9:07  Assimilator  
  129  9:09  Assimilator  
  141  9:20  Photon Cannon  
  141  9:22  Nexus, Photon Cannon  
  141  9:23  Charge, Pylon, Protoss Ground Armor Level 1 (Chrono Boost), Protoss Ground Weapons Level 1 (Chrono Boost)  
  141  9:24  Protoss Shields Level 1 (Chrono Boost)  
  141  9:26  Templar Archives  
  141  9:28  Pylon  
  140  9:42  Stalker x2  
  132  9:50  Gateway  
  132  9:51  Gateway  
  132  9:52  Gateway x2  
  132  9:53  Immortal  
  132  9:54  Gateway  
  132  9:55  Gateway  
  132  10:14  Shield Battery x2  
  106  10:16  Stalker x6  
  100  10:22  Immortal  
  92  10:47  Robotics Facility  
  92  10:48  Stalker x4  
  92  10:49  Stalker x5, Robotics Facility  
  110  10:50  Stalker  
  102  11:02  Immortal, Stalker x2  
  90  11:13  Stalker x5  
  90  11:14  Stalker x4  
  97  11:35  Stalker  
  83  11:41  Immortal (Chrono Boost)  
  85  11:50  Stalker x6  
  93  12:00  Stalker x3  
  90  12:17  Immortal (Chrono Boost)  
  94  12:23  High Templar x4  
  94  12:24  High Templar x7  
  94  12:25  High Templar  
  94  12:27  Archon x2  
  94  12:28  Archon x3  
  94  12:29  Archon  
  118  12:32  Probe (Chrono Boost)  
  118  12:36  Probe x3 (Chrono Boost)  
  122  12:42  Probe (Chrono Boost)  
  126  12:45  Probe x3 (Chrono Boost), Protoss Ground Weapons Level 2 (Chrono Boost), Protoss Ground Armor Level 2 (Chrono Boost)  
  126  12:49  Immortal  
  130  12:55  Probe x3  
  133  13:04  Stalker x5  
  143  13:15  Nexus  
  143  13:16  Pylon  
  143  13:19  Pylon  
  143  13:22  Assimilator x2  
  143  13:23  Pylon  
  143  13:24  Photon Cannon  
  143  13:27  Photon Cannon  
  138  13:29  Immortal  
  124  13:43  Stalker  
  124  13:44  Stalker x5  
  124  13:48  Probe x2 (Chrono Boost)  
  138  13:49  Probe (Chrono Boost)  
  139  14:05  Probe x2 (Chrono Boost)  
  139  14:07  Probe (Chrono Boost)  
  139  14:09  Probe (Chrono Boost)  
  146  14:17  Probe (Chrono Boost)  
  146  14:18  Probe x2 (Chrono Boost), Stalker x4  
  146  14:19  Stalker x2  
  146  14:20  Probe (Chrono Boost)  
  146  14:21  High Templar  
  146  14:22  High Templar  
  146  14:23  High Templar  
  165  14:25  High Templar  
  165  14:31  Assimilator  
  167  14:38  Immortal (Chrono Boost)  
  175  14:46  Archon  
  175  14:47  Immortal (Chrono Boost), Protoss Shields Level 2 (Chrono Boost)  
  175  14:48  Archon  
  175  15:19  Immortal x3 (Chrono Boost)  
  179  15:25  High Templar x2  
  179  15:26  High Templar x4  
  179  15:28  Protoss Ground Armor Level 3 (Chrono Boost)  
  199  15:29  Archon  
  199  15:30  Archon x2  
  163  15:57  Probe x5  
  150  16:06  Protoss Ground Weapons Level 3 (Chrono Boost)  
  150  16:09  Probe x5  
  155  16:21  Probe x3  
  158  16:32  Stalker  
  160  16:33  Stalker x5  
  160  16:34  Stalker x4  
  160  16:35  Nexus  
  160  16:36  High Templar x2  
  160  16:38  Pylon  
  182  16:40  Archon  
  182  16:41  Pylon  
  182  16:45  Observer  
  183  16:58  Probe (Chrono Boost)  
  188  17:01  Probe (Chrono Boost)  
  188  17:02  Probe x3 (Chrono Boost)  
  189  17:09  Probe (Chrono Boost)  
  189  17:12  Probe x2 (Chrono Boost)  
  189  17:13  Probe x2 (Chrono Boost)  
  189  17:14  High Templar  
  189  17:15  High Templar x2  
  199  17:33  Archon  
  113  18:36  High Templar x4  
  113  18:37  High Templar x7  
  113  18:38  High Templar  
  137  18:43  Gateway  
  137  18:45  Gateway  
  137  18:49  Gateway  
  137  18:50  Gateway  
  137  18:51  Gateway x2  
  135  18:55  Gateway  
  135  18:58  Archon x4  
  135  18:59  Archon x2  
  147  19:12  Stalker x2  
  147  19:13  Stalker x6  
  147  19:14  Stalker  
  147  19:15  Zealot x2  
  147  19:16  Zealot  
Tags
 
Add a new tag
Caveats
  • Supply blocks, unpowered buildings, or Contaminate may cause inaccurate times.
  • Supply counts are checked every 10 seconds.